 Dungeon Crawl Stone Soup version 0.27.1-1-g398f81649c (webtiles) character file.

Game seed: 364504480187775324

2200 H0rd4k the Insei (level 9, -14/54 HPs)
             Began as an Octopode Transmuter on Sept 8, 2021.
             Was an Initiate of Gozag.
             Shot with a sling bullet by Joseph (23 damage)
             ... on level 7 of the Dungeon.
             The game lasted 00:11:08 (10229 turns).

H0rd4k the Insei (Octopode Transmuter)             Turns: 10229, Time: 00:11:08

Health: -14/54     AC:  2    Str: 10    XL:     9   Next: 34%
Magic:  13/15      EV: 27    Int: 18    God:    Gozag
Gold:   1034       SH:  5    Dex: 23    Spells: 2/16 levels left

rFire    . . .     SeeInvis .     - Unarmed
rCold    . . .     Faith    .   (shield currently unavailable)
rNeg     . . .     Spirit   .   (helmet currently unavailable)
rPois    x         Reflect  +   d - amulet of reflection
rElec    .         Harm     .   b - +6 ring of dexterity
rCorr    .         Rampage  .   k - +4 ring of evasion
Will     .....                  n - +4 ring of slaying
Stlth    ++........             (no ring)
HPRegen  0.18/turn              (no ring)
MPRegen  0.14/turn              (no ring)
                                (no ring)
                                (no ring)

@: lethally poisoned (-14 -> -32), spider-form, gold aura
A: venomous fangs, almost no armour, (amphibious), 8 rings, tiny, (camouflage
1), (gelatinous body 1), (nimble swimmer 1), (tentacles)
a: End Transformation, Renounce Religion, Potion Petition, Call Merchant, Bribe
Branch


You were on level 7 of the Dungeon.
You worshipped Gozag.
Gozag was most pleased with you.
You were a venomous arachnid creature.
You visited 2 branches of the dungeon, and saw 8 of its levels.
You also visited: Sewer.

You collected 1104 gold pieces.
You paid 70 gold pieces to Gozag.

Inventory:

Hand Weapons
 p - the +7 hand crossbow "Qimpih" (melded) {vorpal, Fly}
   (You found it on level 7 of the Dungeon)

   Any ammunition fired from it inflicts extra damage upon your enemies.
   Fly:       It grants you flight.
Magical Staves
 q - a staff of poison
Jewellery
 b - a +6 ring of dexterity (left front leg)
 d - an amulet of reflection (around neck)
 k - a +4 ring of evasion (right front leg)
 n - a +4 ring of slaying (on tentacle)
Scrolls
 a - a scroll of silence {unknown}
 c - 3 scrolls of identify {unknown}
 e - 2 scrolls of blinking {unknown}
 h - 4 scrolls of torment {unknown}
 i - 3 scrolls of enchant weapon {unknown}
 j - 2 scrolls of teleportation {unknown}
 l - a scroll of amnesia {unknown}
 m - 2 scrolls of magic mapping {unknown}
Potions
 f - 4 potions of flight
 g - a potion of attraction {unknown}
 o - a potion of lignification {unknown}
 r - a potion of heal wounds {unknown}


   Skills:
 + Level 2.1 Fighting
 * Level 1.0 Crossbows
 + Level 4.5 Dodging
 + Level 2.1 Shields
 + Level 7.3 Unarmed Combat
 + Level 4.4 Spellcasting
 * Level 1.0 Translocations
 + Level 5.3 Transmutations
 + Level 3.1 Ice Magic
 + Level 4.0 Poison Magic


You had 2 spell levels left.
You knew the following spells:

 Your Spells              Type           Power      Damage    Failure   Level
a - Beastly Appendage     Tmut           46%        N/A       7%          1
b - Spider Form           Tmut/Pois      10%        N/A       17%         3
c - Ice Form              Ice/Tmut       19%        N/A       45%         4
d - Confusing Touch       Hex            4%         N/A       61%         3
e - Portal Projectile     Hex/Tloc       10%        N/A       56%         3

Your spell library contained the following spells:

 Spells                   Type           Power      Damage    Failure   Level
 Sting                    Tmut/Pois      80%        1d7       8%          1
 Wereblood                Tmut           23%        N/A       9%          2
 Magic Dart               Conj           16%        1d3       32%         1
 Summon Small Mammal      Summ           16%        N/A       32%         1
 Call Imp                 Summ           4%         N/A       43%         2
 Searing Ray              Conj           8%         3d3       43%         2
 Slow                     Hex            4%         N/A       43%         2
 Mephitic Cloud           Conj/Pois/Air  8%         N/A       45%         3
 Call Canine Familiar     Summ           4%         N/A       61%         3
 Inner Flame              Hex/Fire       4%         N/A       61%         3
 Stone Arrow              Conj/Erth      8%         3d7       61%         3
 Summon Guardian Golem    Hex/Summ       4%         N/A       61%         3
 Vampiric Draining        Necr           2%         2d6       61%         3
 Fulminant Prism          Conj/Hex       2%         3d6       92%         4
 Leda's Liquefaction      Hex/Erth       2%         N/A       92%         4
 Lehudib's Crystal Spear  Conj/Erth      2%         10d2      100%        8
 Fire Storm               Conj/Fire      2%         8d1       100%        9
 Animate Armour           Summ/Erth      Unusable   N/A       N/A         4

Dungeon Overview and Level Annotations

Branches:
Dungeon (7/15)             Temple (1/1) D:4           Sewer (visited)

Altars:
Ashenzari
Dithmenos
Fedhas
Gozag
Hepliaklqana
Kikubaaqudgha
Nemelex Xobeh
Ru
Trog
Uskayaw
Vehumet
The Shining One
Jiyva

Shops:
D:6 ?

Annotations:
D:5 1 runed translucent door, exclusions: door and downstairs, Crazy Yiuf
D:6 Blork the orc, Edmund
D:7 exclusion: upstairs, Joseph, Maggie


Innate Abilities, Weirdness & Mutations

You are a venomous arachnid creature.
You have poisonous fangs.
You are tiny and dextrous.
Your spellcasting is less reliable in this form.
Your armour is entirely melded.
You are incapable of wielding weapons or throwing items.
You cannot wear most types of armour.
((You are amphibious.))
You can wear up to eight rings at the same time.
((Your skin changes colour to match your surroundings (Stealth+).))
((Your rubbery body absorbs attacks. (AC +1, EV +1)))
((You are camouflaged near water. (Stealth+)))
((You have tentacles for arms and can constrict up to eight enemies at once.))


Message History

Joseph, a Mercenary comes into view.
He is wielding a +2 quarterstaff of draining.
The hound completely misses you.
You hit the hound but do no damage.
The hound is poisoned.
The hound stops to sniff the ground.
You block the hound's attack.
You hit the hound.
The hound looks as sick as possible!
The hound is lightly wounded.
You block the hound's attack.
You bite the hound!
The hound looks as sick as possible!
The hound is severely wounded.
You kill the hound!
Joseph shouts!
You hit the water moccasin.
The water moccasin is lightly wounded.
The water moccasin completely misses you.
Joseph drinks a potion.
Joseph seems to speed up.
The water moccasin barely misses you.
You hit the water moccasin.
The water moccasin is moderately wounded.
Joseph unwields a +2 quarterstaff of draining.
Joseph wields a +0 hunting sling.
Joseph shoots a sling bullet.
The sling bullet hits you!! The water moccasin closely misses you.
You bite the water moccasin!
The water moccasin is poisoned.
The water moccasin is severely wounded.
Joseph shoots a sling bullet.
The sling bullet hits you! The water moccasin bites you.
You are lethally poisoned!
The water moccasin poisons you!
You bite the water moccasin!
You kill the water moccasin!
* * * LOW HITPOINT WARNING * * *
You feel very sick.
Joseph shoots a sling bullet.
The sling bullet completely misses you.
Your Crossbows skill increases to level 1!
Your Translocations skill increases to level 1!
* * * LOW HITPOINT WARNING * * *
You feel very sick.
Joseph shoots a sling bullet.
The sling bullet hits you!!
You die...
Your body crumbles into a pile of gold.

#(......# #.......#
#.......#### #..........
#........#
######........## ##
#...##.........#
.#####...######..##..#
.........####.##s# #
..####...##...##.##
#..###...#..#..#..##
##.##......###.##..##
..#.. #..#..#####
#.###..##.....
##.#..#######.####.@......
#.#..##...##........[._..
#.#..##...####..#...#...#
#
#....##....###.##..##...#


You could see Joseph (fast).

Vanquished Creatures
  Prince Ribbit (D:6)
  2 water moccasins
  A black bear (D:6)
  3 ogres
  A hornet zombie (D:6)
  3 bullfrogs (D:7)
  3 kobold brigands
  2 gnoll sergeants (D:6)
  3 scorpions
  A water moccasin skeleton (D:5)
  2 hounds
  A bullfrog zombie (D:6)
  An orc priest (D:6)
  A bullfrog skeleton (D:6)
  A gnoll shaman (D:5)
  An iguana (D:4)
  An orc wizard (D:6)
  A killer bee zombie (D:7)
  A howler monkey zombie (D:5)
  5 adders
  16 gnolls
  3 river rats
  A white imp (D:6)
  An adder skeleton (D:4)
  2 worms
  6 dart slugs
  6 orcs
  8 ball pythons
  7 endoplasms
  7 giant cockroaches
  5 goblins
  6 hobgoblins
  5 jackals
  19 kobolds
  A quokka (D:2)
  4 bats
  A frilled lizard (D:2)
  A quokka skeleton (D:4)
  7 rats
141 creatures vanquished.

Vanquished Creatures (others)
  A worm (D:4)
  28 plants (D:4)
29 creatures vanquished.

Grand Total: 170 creatures vanquished

Notes
Turn   | Place    | Note
-------+----------+-------------------------------------------
     0 | D:1      | H0rd4k the Octopode Transmuter began the quest for the Orb.
     0 | D:1      | Reached XP level 1. HP: 13/13 MP: 3/3
    95 | D:1      | Found a faded altar of an unknown god.
   400 | D:1      | Reached XP level 2. HP: 12/18 MP: 5/5
  1530 | D:2      | Reached XP level 3. HP: 17/23 MP: 6/6
  1534 | D:2      | Learned a level 3 spell: Spider Form
  2513 | D:3      | Reached XP level 4. HP: 14/28 MP: 7/7
  2742 | D:4      | Found a staircase to the Ecumenical Temple.
  2757 | Temple   | Entered the Ecumenical Temple
  2813 | Temple   | Became a worshipper of Gozag Ym Sagoz the Greedy
  3163 | D:4      | Found a radiant altar of Vehumet.
  3266 | D:4      | Noticed a scorpion
  3270 | D:4      | Killed a scorpion
  3271 | D:4      | Reached skill level 4 in Unarmed Combat
  3271 | D:4      | Reached XP level 5. HP: 14/33 MP: 7/9
  3803 | D:4      | Found a broken altar of Ashenzari.
  4259 | D:4      | Noticed an ogre
  4289 | D:4      | Killed an ogre
  4290 | D:4      | Reached skill level 5 in Unarmed Combat
  4290 | D:4      | Reached XP level 6. HP: 35/38 MP: 8/10
  4965 | D:3      | Found a glowing golden altar of the Shining One.
  5265 | D:4      | Learned a level 4 spell: Ice Form
  5285 | D:5      | Entered Level 5 of the Dungeon
  5443 | D:5      | Reached skill level 1 in Poison Magic
  5869 | D:5      | Reached XP level 7. HP: 36/43 MP: 7/11
  6063 | D:5      | Found an ancient bone altar of Kikubaaqudgha.
  6432 | D:5      | Found a runed translucent door.
  6433 | D:5      | Noticed Crazy Yiuf
  6643 | D:6      | Noticed Blork the orc
  6750 | D:6      | Found a glowing drain.
  6755 | Sewer    | Entered a sewer
  7051 | Sewer    | Found a white marble altar of Elyvilon.
  7225 | D:6      | Reached skill level 1 in Shields
  7225 | D:6      | Reached skill level 1 in Ice Magic
  7455 | D:6      | Reached XP level 8. HP: 30/48 MP: 11/13
  7627 | D:6      | Reached skill level 6 in Unarmed Combat
  8016 | D:6      | Found Dakhu's Magic Scroll Shoppe.
  8162 | D:6      | Noticed Prince Ribbit
  8176 | D:6      | Killed Prince Ribbit
  8462 | D:6      | Found a bloodstained altar of Trog.
  8609 | D:6      | HP: 1/50 [gnoll (5)]
  9079 | D:6      | Reached skill level 5 in Transmutations
  9152 | D:6      | Noticed Edmund
  9350 | D:7      | Reached XP level 9. HP: 45/54 MP: 12/15
  9440 | D:7      | Noticed Maggie
  9464 | D:7      | Reached skill level 7 in Unarmed Combat
  9601 | D:7      | Identified the +7 hand crossbow "Qimpih" {vorpal, Fly}
  9607 | D:7      | Learned a level 3 spell: Confusing Touch
  9611 | D:7      | Learned a level 3 spell: Portal Projectile
  9721 | D:7      | Found a blossoming altar of Fedhas.
  9765 | D:7      | Got Ziahoss's Reference Book on Envenoming and Flames
 10218 | D:7      | Noticed Joseph
 10229 | D:7      | Reached skill level 1 in Crossbows
 10229 | D:7      | Reached skill level 1 in Translocations
 10229 | D:7      | Shot with a sling bullet by Joseph

Illustrated notes

Levels and vault maps discovered:
D:1:      co_arrival_random_square_maze, layout_basic,
          chequers_ecumenical_altar_island
D:2:      layout_loops_cross, dk_noncrumbling_4, patterned_corridor
D:3:      layout_rooms, tso_altar
D:4:      minmay_chambers_of_twos, layout_loops_corners, fiery_altar_vehumet,
          general_overflow_altar, minmay_temple_entry_waves, serial_bayou_lake_a
D:5:      layout_basic, mainiacjoe_overflow_cross_hatched,
          uniq_crazy_yiuf_cottage
D:6:      layout_rooms, trog_book, serial_shops, nicolae_square_shop,
          portal_sewer_entry_e, uniq_blork_the_orc, uniq_edmund,
          uniq_prince_ribbit1
D:7:      layout_rooms, mainiacjoe_overflow_boulevard, uniq_maggie, uniq_joseph
Temple:   pf_slime_end_temple

Skill      XL: |  1  2  3  4  5  6  7  8  9 |
---------------+----------------------------+-----
Unarmed Combat | 4 5 6 7 |  7.3
Dodging        | 3 4 |  4.5
Spellcasting   | 3 4 |  4.4
Transmutations | 3 4 5 |  5.3
Poison Magic   | 1 2 3 4 |  4.0
Shields        | 1 2 |  2.1
Ice Magic      | 1 2 3 |  3.1
Fighting       | 2 |  2.1
Crossbows      | 1 |  1.0
Translocations | 1 |  1.0

Action                   |  1- 3 |  4- 6 |  7- 9 || total
-------------------------+-------+-------+-------++-------
Melee: Unarmed           |    83 |   124 |   229 ||   436
       Constrict         |    22 |    29 |     9 ||    60
       Tentacles         |    13 |    26 |     5 ||    44
       Kick              |     2 |     2 |       ||     4
       Punch             |       |     2 |     2 ||     4
 Cast: Beastly Appendage |     1 |     2 |       ||     3
       Spider Form       |       |     8 |    23 ||    31
       Ice Form          |       |       |     1 ||     1
  Use: Potion            |       |       |     4 ||     4
 Stab: Sleeping          |     7 |     6 |     1 ||    14
       Distracted        |       |     1 |     1 ||     2
Armor: Skin              |     4 |     1 |     9 ||    14
Dodge: Dodged            |    52 |    61 |   170 ||   283
Block: Other             |     1 |    21 |    43 ||    65
       Reflection        |       |       |     1 ||     1
